 Dungeon Crawl Stone Soup version 0.31-a0-1300-gb6740aa4e6 (webtiles) character file.

Game seed: 15284388043525310354

52 night the Vexing (level 3, -25/26 HPs)
             Began as a Vampire Hexslinger on Dec 18, 2023.
             Annihilated by an ogre
             ... wielding a +0 giant spiked club
              (29 damage)
             ... on level 3 of the Dungeon.
             The game lasted 00:02:05 (1196 turns).

night the Vexing (Vampire Hexslinger)               Turns: 1196, Time: 00:02:06

Health: -25/26     AC:  2    Str:  7    XL:     3   Next: 60%
Magic:  5/5        EV: 13    Int: 15    God:
Gold:   93         SH:  0    Dex: 18    Spells: 4/4 levels left

rFire   . . .        a - +1 sling
rCold   . . .        (no shield)
rNeg    . . .        c - +0 robe
rPois   .            (no helmet)
rElec   .            (no cloak)
rCorr   .            (no gloves)
SInv    +            (no boots)
Will    .....        (no amulet)
Stlth   ++           (no ring)
HPRegen 0.44/turn    (no ring)
MPRegen 0.09/turn

%: no passive effects
@: lethally poisoned (-25 -> -25), healing quickly
A: alive, fangs 3, see invisible, vampiric 2
a: Exsanguinate


You were on level 3 of the Dungeon.
You visited 1 branch of the dungeon, and saw 3 of its levels.

You collected 93 gold pieces.

Inventory:

Hand Weapons
 a - a +1 sling (weapon)
Missiles
 i - 13 stones
Armour
 c - a +0 robe (worn)
Scrolls
 b - a scroll of poison
 d - 2 scrolls of teleportation {unknown}
 e - a scroll of fear {unknown}
 f - 2 scrolls of vulnerability {unknown}
 h - a scroll of enchant armour {unknown}
 m - a scroll of identify {unknown}
 n - 2 scrolls of immolation {unknown}
 o - a scroll of noise {unknown}
Potions
 g - a potion of enlightenment {unknown}
 j - 2 potions of heal wounds {unknown}
 k - a potion of curing {unknown}
 l - a potion of haste {unknown}
 p - 2 potions of degeneration {unknown}
 q - 2 potions of might {unknown}


   Skills:
 + Level 1.4 Fighting
 * Level 2.3 Ranged Weapons
 + Level 2.7 Dodging
 + Level 1.3 Spellcasting
 + Level 4.8 Hexes
 - Level 0.7 Fire Magic


You had 4 spell levels left.
You didn't know any spells.
Your spell library contained the following spells:

 Spells                   Type           Power      Damage    Failure   Level
 Jinxbite                 Hex            30%        N/A       4%          2
 Sigil of Binding         Hex            15%        N/A       10%         3
 Inner Flame              Hex/Fire       9%         N/A       22%         3
 Cause Fear               Hex            7%         N/A       32%         4
 Dimensional Bullseye     Hex/Tloc       4%         N/A       65%         4
 Flame Wave               Conj/Fire      2%         2d4       90%         4
 Sticky Flame             Conj/Fire      2%         2d3       90%         4


Dungeon Overview and Level Annotations

Branches:
Dungeon (3/15)

Altars:

Shops:
D:1 *


Innate Abilities, Weirdness & Mutations

Your natural rate of healing is accelerated.
You have razor-sharp teeth.
You have supernaturally acute eyesight. (SInv)
You are afflicted with vampirism and can become a bat while bloodless.


Message History

The adder barely misses you. The adder closely misses you.
You shoot a sling bullet.
The sling bullet closely misses the adder.
The adder bites you.
You are poisoned.
The adder poisons you!
You shoot a sling bullet. The sling bullet hits the adder.
The adder is heavily wounded.
You feel sick. The adder completely misses you. The adder barely misses you.
You shoot a sling bullet. The sling bullet hits the adder.
The adder is severely wounded.
You feel sick. The adder barely misses you. x2
You shoot a sling bullet. The sling bullet misses the adder.
The sling bullet hits the ogre.
The ogre is lightly wounded.
You feel sick.
You are no longer poisoned.
The adder barely misses you.
You shoot a sling bullet.
The sling bullet hits the adder but does no damage.
The adder is severely wounded.
The adder bites you. The adder closely misses you.
You shoot a sling bullet. The sling bullet hits the adder.
The adder is almost dead.
A ball python comes into view.
The adder bites you.
You are poisoned.
The adder poisons you!
You shoot a sling bullet. The sling bullet hits the adder.
You kill the adder!
You feel sick.
You shoot a sling bullet. The sling bullet hits the ogre.
The ogre is lightly wounded.
You feel sick. The ogre misses you.
You shoot a sling bullet. The sling bullet hits the ogre.
The ogre is lightly wounded.
You feel sick.
The ogre hits you with a +0 giant spiked club!!
Ouch! That really hurt!
You die...

# ######.##
..$...... #.#
#..⌠)..# #.#
###......# #.#
#..⌠._...# #.#
###.#..r.....
#.######............
#.#..@O.S######.#...
####.#.###### .....
##.##.#.###### #.S#
#.............. ...
##.#..#.#####.. S#
#.......##
###..........
#.........###
#<........#


You could see an ogre and a ball python.

Vanquished Creatures
  An adder (D:3)
  2 worms (D:2)
  2 dart slugs (D:2)
  3 endoplasms
  A giant cockroach (D:1)
  A hobgoblin (D:2)
  3 quokkas
  3 ball pythons
  7 bats
  4 frilled lizards
  4 goblins
  2 kobolds
  A rat (D:1)
34 creatures vanquished.

Notes
Turn   | Place    | Note
-------+----------+-------------------------------------------
     0 | D:1      | night the Vampire Hexslinger began the quest for the Orb.
     0 | D:1      | Reached XP level 1. HP: 14/14 MP: 2/2
     3 | D:1      | Noticed an electric eel
     8 | D:1      | Noticed an electric eel
   106 | D:1      | Reached skill level 1 in Fighting
   121 | D:1      | Found Avoeli Omen's Assorted Antiques.
   256 | D:1      | Reached XP level 2. HP: 21/21 MP: 3/3
   382 | D:1      | You fall into a shaft and drop 1 floor!
   499 | D:1      | Reached skill level 2 in Ranged Weapons
   771 | D:2      | Gained mutation: You are afflicted with vampirism and can
                  | become a bat while bloodless. [Vampire growth]
   771 | D:2      | Reached XP level 3. HP: 26/26 MP: 4/4
  1170 | D:3      | Found a faded altar of an unknown god.
  1178 | D:3      | Noticed an ogre
  1196 | D:3      | Annihilated by an ogre

Illustrated notes

Levels and vault maps discovered:
D:1:      arrival_aquarium_b, layout_basic, serial_shops,
          nicolae_shop_behind_doors
D:2:      layout_basic
D:3:      layout_loops_ring, hellmonk_ecumenical_altar_run_dry,
          kennysheep_another_room, serial_bayou_pond_c,
          minmay_misc_feat_columns, st_stairs_2, uniq_terence, uniq_natasha

Skill      XL: |  1  2 |
---------------+-------+-----
Fighting       | 1 |  1.4
Ranged Weapons | 2 |  2.3
Dodging        | |  2.7
Spellcasting   | |  1.3
Hexes          | |  4.8
Fire Magic     | |  0.7

Action                     || total
---------------------------++-------
   Fire: Sling             ||    82
 Armour: Robe              ||    16
  Dodge: Dodged            ||    23

Table legend: (Time is in decaauts)
 A = Elapsed time spent in this place.
 B = Non-inter-level travel time spent in this place.
 C = Inter-level travel time spent in this place.
 D = Time resting spent in this place.
 E = Time spent auto-exploring this place.
 F = Levels seen in this place.
 G = Mean time per level.
                   A        B        C        D        E       F      G
               +--------+--------+--------+--------+--------+-----+--------+
         Total |   1219 |   1154 |     65 |      0 |    966 |   3 |  406.3 |
       Dungeon |   1219 |   1154 |     65 |      0 |    966 |   3 |  406.3 |
               +--------+--------+--------+--------+--------+-----+--------+

Top non-repeatable levels by time:
     D:2: 630 daAuts
     D:1: 540 daAuts
     D:3: 48 daAuts
